 Dungeon Crawl Stone Soup version 0.30-a0-1160-g6e42c06551 (webtiles) character file.

Game seed: 7363443711976344854

44 voltaire321 the Caller (level 3, 0/20 HPs)
             Began as a Deep Elf Summoner on Apr 25, 2023.
             Succumbed to an adder's poison
             ... on level 2 of the Dungeon.
             The game lasted 00:04:17 (742 turns).

voltaire321 the Caller (Deep Elf Summoner)           Turns: 742, Time: 00:04:18

Health: 0/20       AC:  2    Str:  7    XL:     3   Next: 39%
Magic:  8/9        EV: 13    Int: 19    God:
Gold:   79         SH:  0    Dex: 15    Spells: 2/8 levels left

rFire   . . .        d - +0 sling
rCold   . . .        (no shield)
rNeg    . . .        a - +0 robe
rPois   .            (no helmet)
rElec   .            (no cloak)
rCorr   .            (no gloves)
SInv    .            (no boots)
Will    .....        (no amulet)
Stlth   ++           (no ring)
HPRegen 0.23/turn    (no ring)
MPRegen 0.11/turn

%: no passive effects
@: brilliant, lethally poisoned (0 -> -10)
A: no striking features
a: no special abilities


You were on level 2 of the Dungeon.
You visited 1 branch of the dungeon, and saw 2 of its levels.

You collected 79 gold pieces.

Inventory:

Hand Weapons
 d - a +0 sling (weapon)
Armour
 a - a +0 robe (worn)
Scrolls
 c - a scroll of immolation {unknown}
 i - a scroll of identify {unknown}
Potions
 b - a potion of magic
 e - 2 potions of curing {unknown}
 f - a potion of mutation {unknown}
 g - 3 potions of brilliance
 h - 2 potions of cancellation {unknown}


   Skills:
 + Level 0.8 Fighting
 + Level 0.2 Ranged Weapons
 + Level 0.6 Armour
 + Level 2.9 Dodging
 + Level 2.9 Stealth
 + Level 3.4 Spellcasting
 + Level 4.6 Summonings


You had 2 spell levels left.
You knew the following spells:

 Your Spells              Type           Power      Damage    Failure   Level
a - Call Imp              Summ           62%        N/A       3%          2
b - Summon Small Mammal   Summ           100%       N/A       2%          1
c - Call Canine Familiar  Summ           31%        N/A       6%          3

Your spell library contained the following spells:

 Spells                   Type           Power      Damage    Failure   Level
 Slow                     Hex            16%        N/A       14%         1
 Summon Guardian Golem    Hex/Summ       18%        N/A       17%         3
 Confusing Touch          Hex            4%         N/A       41%         3
 Vampiric Draining        Necr           4%         2d6       41%         3
 Summon Lightning Spire   Summ/Air       18%        N/A       50%         4


Dungeon Overview and Level Annotations

Branches:
Dungeon (2/15)

Altars:
Uskayaw

Shops:
D:1 =


Message History

The adder misses you.
Fire: d) +0 sling
Press: ? - help, Q - select action, (/) - cycle Shift-Dir - straight line, f/p - adder
Aim: an adder (severely wounded, ally target, 32% to hit)
You shoot a sling bullet.
The sling bullet closely misses the adder.
The adder bites you.
Your cerulean imp closely misses the adder.
Fire: d) +0 sling
Press: ? - help, Q - select action, (/) - cycle Shift-Dir - straight line, f/p - adder
Aim: an adder (severely wounded, ally target, 32% to hit)
You shoot a sling bullet.
The sling bullet closely misses the adder.
The adder closely misses you.
Your cerulean imp barely misses the adder.
The adder barely misses you.
Fire: d) +0 sling
Press: ? - help, Q - select action, (/) - cycle Shift-Dir - straight line, f/p - adder
Aim: an adder (severely wounded, ally target, 32% to hit)
You shoot a sling bullet.
The sling bullet barely misses the adder.
The adder bites you.
You are poisoned.
The adder poisons you!
Your cerulean imp misses the adder.
The adder bites you.
Your cerulean imp hits the adder with a -2 spear.
Fire: d) +0 sling
Press: ? - help, Q - select action, (/) - cycle Shift-Dir - straight line, f/p - adder
Aim: an adder (almost dead, ally target, 32% to hit)
You shoot a sling bullet.
The sling bullet barely misses the adder.
* * * LOW HITPOINT WARNING * * *
You feel very sick. The adder closely misses you.
Your cerulean imp misses the adder.
The adder bites you.
* * * LOW HITPOINT WARNING * * *
You are more poisoned.
The adder poisons you!
It was a potion of brilliance.
You feel clever all of a sudden.
You die...

#.##. #.... ###.#
#. #.# #...#####
###'# ....S...#
##### #.... #.#
#...# #....
#S###...# #....
#5@.'.>.# ###.#
#####...#######...#
###............
#########.<.#
####### #...#
#.....# #...#
#.#†###########.#.#
#.#.........<......
#.#############.#.#


You could see an adder (ally target) and a friendly cerulean imp (summoned).

Vanquished Creatures
  A dart slug (D:1)
  2 ball pythons (D:1)
  4 bats (D:1)
  A giant cockroach (D:1)
  3 goblins
  A hobgoblin (D:1)
  2 kobolds (D:1)
  A quokka (D:2)
  3 frilled lizards (D:1)
  8 rats (D:1)
26 creatures vanquished.

Vanquished Creatures (collateral kills)
  A worm (D:2)
  A giant cockroach (D:1)
  A goblin (D:1)
  2 hobgoblins (D:1)
  A quokka (D:1)
  3 bats (D:1)
  4 rats
13 creatures vanquished.

Grand Total: 39 creatures vanquished

Notes
Turn   | Place    | Note
-------+----------+-------------------------------------------
     0 | D:1      | voltaire321 the Deep Elf Summoner began the quest for the
                  | Orb.
     0 | D:1      | Reached XP level 1. HP: 10/10 MP: 6/6
     5 | D:1      | Found Dipea's Jewellery Shoppe.
    83 | D:1      | Reached XP level 2. HP: 12/16 MP: 8/8
    87 | D:1      | Learned a level 2 spell: Call Imp
   326 | D:1      | Reached XP level 3. HP: 20/20 MP: 9/9
   347 | D:1      | Found a faded altar of an unknown god.
   636 | D:2      | Learned a level 3 spell: Call Canine Familiar
   659 | D:2      | Found a hide-covered altar of Uskayaw.
   742 | D:2      | Succumbed to an adder's poison

Illustrated notes

Levels and vault maps discovered:
D:1:      scummos_arrival_hexagon, layout_rooms, serial_shops, shop,
          hellmonk_ecumenical_altar_defaced_shrine, grunt_decor_arrowhead,
          glass_columns_c, minmay_3d_cube
D:2:      layout_basic, basic_altar

Action                     || total
---------------------------++-------
  Melee: Unarmed           ||     4
   Fire: Sling             ||    93
   Cast: Summon Small Mamm ||     5
         Call Imp          ||     7
    Use: Potion            ||     1
 Armour: Robe              ||    10
  Dodge: Dodged            ||    47

Table legend: (Time is in decaauts)
 A = Elapsed time spent in this place.
 B = Non-inter-level travel time spent in this place.
 C = Inter-level travel time spent in this place.
 D = Time resting spent in this place.
 E = Time spent auto-exploring this place.
 F = Levels seen in this place.
 G = Mean time per level.
                   A        B        C        D        E       F      G
               +--------+--------+--------+--------+--------+-----+--------+
         Total |    778 |    767 |     11 |     58 |    372 |   2 |  389.0 |
       Dungeon |    778 |    767 |     11 |     58 |    372 |   2 |  389.0 |
               +--------+--------+--------+--------+--------+-----+--------+

Top non-repeatable levels by time:
     D:1: 644 daAuts
     D:2: 133 daAuts
